 Dungeon Crawl Stone Soup version 0.19.5 (webtiles) character file.

5233 JeffiDaFish the Basher (level 10, 0/42 HPs)
             Began as a Gargoyle Fighter on Oct 27, 2017.
             Was an Elder of Okawaru.
             Slain by a sixfirhy (4 damage)
             ... led by a cacodemon
             ... on level 2 of the Abyss on Oct 28, 2017.
             The game lasted 00:19:21 (7533 turns).

JeffiDaFish the Basher (Gargoyle Fighter)           Turns: 7533, Time: 00:19:22

Health: 0/42       AC: 28    Str: 20    XL:     10   Next: 61%
Magic:  8/8        EV:  5    Int:  9    God:    Okawaru [****..]
Gold:   485        SH: 13    Dex:  8    Spells: 0 memorised, 9 levels left

rFire  . . .     SeeInvis .     a - +4 flail (vamp)
rCold  . . .     Gourm    .     l - +3 plate armour
rNeg   + . .     Faith    .     p - +2 shield {reflect}
rPois  ∞         Spirit   .     (no helmet)
rElec  +         Reflect  +     j - +0 cloak
rCorr  .         Harm     .     x - +0 pair of gloves
MR     .....                    (no boots)
Stlth  ..........               (no amulet)
                                (no ring)
                                y - +3 ring of protection

@: no status effects
A: blink, clumsy 2, frail 3, low mp 2, negative energy resistance 1, electricity
resistance, unbreathing, petrification resistance, rot immunity, AC +7
a: Blink, Heroism, Renounce Religion


You were on level 2 of the Abyss.
You worshipped Okawaru.
Okawaru was greatly pleased with you.
You were hungry.

You visited 2 branches of the dungeon, and saw 10 of its levels.
You visited the Abyss 1 time.
You also visited: Sewer.

You collected 485 gold pieces.

Inventory:

Hand Weapons
 a - a +4 vampiric flail (weapon)
Armour
 j - a +0 cloak (worn)
 l - a +3 plate armour (worn)
 p - a +2 shield of reflection (worn)
 x - a +0 pair of gloves (worn)
Jewellery
 y - a +3 ring of protection (left hand)
Wands
 v - a wand of heal wounds (6/9)
 w - a wand of hasting (2/9)
Scrolls
 b - 2 scrolls of amnesia
 c - 3 scrolls of teleportation
 e - 10 scrolls of identify
 g - 2 scrolls of fog
 m - 3 scrolls of remove curse
 r - a scroll of blinking
 s - a scroll of magic mapping
 t - 3 scrolls of recharging
Potions
 d - 3 potions of might
 k - 4 potions of curing
 q - 3 potions of flight
Comestibles
 f - 9 bread rations
 h - 4 meat rations
 i - a slice of pizza
 n - 7 beef jerkies
 o - 5 fruits
 u - a chunk of flesh


   Skills:
 + Level 6.8 Fighting
 + Level 10.5 Maces & Flails
 + Level 6.3 Armour
 + Level 1.4 Dodging
 + Level 1.0 Stealth
 + Level 9.8 Shields


You had 9 spell levels left.
You didn't know any spells.

Dungeon Overview and Level Annotations

Branches:
Dungeon (9/15)             Temple (1/1) D:6
   Lair: D:8-11         Orc: D:9-12

Altars:
Ashenzari
Cheibriados
Dithmenos
Elyvilon
Fedhas
Gozag
Hepliaklqana
Kikubaaqudgha
Makhleb
Okawaru
Qazlal
Ru
Trog
Uskayaw
Vehumet
Xom
Yredelemnul
Zin
The Shining One

Annotations:
D:9 Erolcha


Innate Abilities, Weirdness & Mutations

You are resistant to torment.
Your stone body is resilient. (AC +7)
You are immune to poison.
You resist negative energy. (rN+)
You are resistant to electric shocks. (rElec)
You can survive without breathing.
You are immune to petrification.
You are immune to rotting.
You can translocate small distances at will.
[You are very clumsy. (Dex -4)]
[You are extremely frail. (-30% HP)]
[Your magical capacity is very low. (-20% MP)]


Message History

The dire elephant skeleton is severely damaged.
You block the dire elephant skeleton's attack.
You hit the dire elephant skeleton.
The dire elephant skeleton is severely damaged.
The dire elephant skeleton tramples you!
* * * LOW HITPOINT WARNING * * *
You sock the dire elephant skeleton!
The dire elephant skeleton is almost destroyed.
The sixfirhy hits you.
* * * LOW HITPOINT WARNING * * *
The sixfirhy shocks you. You resist.
* * * LOW HITPOINT WARNING * * *
The sixfirhy hits you but does no damage.
Found a scroll of teleportation.
You closely miss the sixfirhy.
The sixfirhy hits you but does no damage.
The sixfirhy hits you.
* * * LOW HITPOINT WARNING * * *
The sixfirhy shocks you. You resist.
You die...

#. # # # #.
.# # ##. #
..#. #.# #
..###.# # # #
.#....# #
#.#.#3##.....
.# # ..##@#
##.. ...
#####.#Z# #.
. ÷.#.. ## .
#.#.
###..#.#.#§
.. #. # #? #.
## .. #.# ##
#.#


You could see a sixfirhy and a dire elephant skeleton.

Vanquished Creatures
  A wretched star (Abyss:2)
  Pikel (D:6)
  A two-headed ogre (D:8)
  A raiju (Abyss:2)
  A hippogriff (shapeshifter) (Abyss:2)
  Sigmund (D:6)
  A chaos spawn (Abyss:2)
  A water moccasin (D:8)
  An orc warrior (D:8)
  A slave (D:6)
  2 sky beasts
  3 ice beasts
  4 ogres
  3 centaurs
  2 small abominations (Abyss:2)
  A big kobold (Sewer)
  3 bullfrogs
  2 scorpions
  A killer bee (D:8)
  3 wights (D:9)
  2 crimson imps
  6 hounds
  A jelly (D:9)
  4 orc priests
  6 orc wizards
  A bullfrog skeleton (D:4)
  2 iguanas
  4 worker ants
  A killer bee zombie (D:9)
  23 adders
  3 shadow imps
  2 oozes
  2 adder zombies
  4 adder skeletons
  3 worms
  2 dart slugs (D:1)
  2 leopard geckos
  55 orcs
  5 ball pythons
  10 bats
  7 giant cockroaches
  14 hobgoblins
  9 jackals
  7 quokkas
  2 frilled lizards (D:2)
  5 goblins
  17 kobolds
  A leopard gecko skeleton (D:4)
  A quokka skeleton (D:6)
  A quokka zombie (D:5)
  10 rats
246 creatures vanquished.

Vanquished Creatures (others)
  3 centaurs
  An orc priest (D:6)
  An orc wizard (D:3)
  2 orcs (D:6)
  2 butterflies (D:6)
9 creatures vanquished.

Grand Total: 255 creatures vanquished

Notes
Turn   | Place    | Note
-------+----------+-------------------------------------------
     0 | D:1      | JeffiDaFish the Gargoyle Fighter began the quest for the Orb.
     0 | D:1      | Reached XP level 1. HP: 14/14 MP: 1/1
   145 | D:1      | Reached XP level 2. HP: 19/19 MP: 2/2
   744 | D:2      | Found a blossoming altar of Fedhas.
   785 | D:2      | Reached XP level 3. HP: 21/24 MP: 3/3
  1248 | D:2      | Reached XP level 4. HP: 13/29 MP: 4/4
  1900 | D:3      | Gained mutation: Armour fits poorly on your strangely shaped body. [potion of mutation]
  1900 | D:3      | Gained mutation: Your movements are slightly less encumbered by armour. (ER -2) [potion of mutation]
  1900 | D:3      | Gained mutation: You have a somewhat thin skeletal structure. (Dex +2, Stealth) [potion of mutation]
  1995 | D:3      | Reached skill level 3 in Maces & Flails
  2017 | D:3      | Found a snail-covered altar of Cheibriados.
  2039 | D:3      | Reached XP level 5. HP: 19/33 MP: 5/5
  2324 | D:3      | Lost mutation: You have a somewhat thin skeletal structure. (Dex +2, Stealth) [potion of cure mutation]
  2324 | D:3      | Lost mutation: Armour fits poorly on your strangely shaped body. [potion of cure mutation]
  2324 | D:3      | Lost mutation: Your movements are slightly less encumbered by armour. (ER -2) [potion of cure mutation]
  2606 | D:4      | Found a burning altar of Makhleb.
  2762 | D:4      | Reached skill level 4 in Maces & Flails
  2822 | D:4      | Reached XP level 6. HP: 38/38 MP: 6/6
  3390 | D:5      | Entered Level 5 of the Dungeon
  3390 | D:5      | Found a glowing drain.
  3430 | D:5      | Reached skill level 5 in Shields
  3457 | Sewer    | Entered a sewer
  3875 | Sewer    | Reached XP level 7. HP: 43/43 MP: 7/7
  3926 | D:5      | Reached skill level 5 in Maces & Flails
  4137 | D:5      | Reached skill level 1 in Dodging
  4529 | D:5      | Reached XP level 8. HP: 48/48 MP: 8/8
  4688 | D:6      | Found a staircase to the Ecumenical Temple.
  4705 | Temple   | Entered the Ecumenical Temple
  4853 | Temple   | Became a worshipper of Warmaster Okawaru
  4965 | D:6      | Reached skill level 6 in Maces & Flails
  5017 | D:6      | Reached skill level 5 in Fighting
  5135 | D:6      | Found a radiant altar of Vehumet.
  5152 | D:6      | Reached * piety under Okawaru
  5181 | D:6      | Found a shadowy altar of Dithmenos.
  5212 | D:6      | Found a shimmering altar of Xom.
  5262 | D:6      | Reached skill level 5 in Armour
  5267 | D:6      | Noticed Pikel
  5311 | D:6      | Killed Pikel
  5311 | D:6      | Reached ** piety under Okawaru
  5311 | D:6      | Reached skill level 7 in Maces & Flails
  5311 | D:6      | Reached XP level 9. HP: 44/54 MP: 9/9
  5459 | D:6      | Noticed Sigmund
  5464 | D:6      | Killed Sigmund
  5464 | D:6      | Reached skill level 8 in Maces & Flails
  5781 | D:7      | Gained mutation: You can translocate small distances at will. [potion of beneficial mutation]
  5848 | D:7      | Found an opulent altar of Gozag.
  6312 | D:8      | Noticed a two-headed ogre
  6318 | D:8      | Killed a two-headed ogre
  6318 | D:8      | Reached *** piety under Okawaru
  6374 | D:8      | Reached skill level 9 in Maces & Flails
  6524 | D:8      | Reached XP level 10. HP: 58/60 MP: 10/10
  6638 | D:8      | Found a glowing golden altar of the Shining One.
  6915 | D:8      | Found a white marble altar of Elyvilon.
  6915 | D:8      | Found an ancient bone altar of Kikubaaqudgha.
  7135 | D:9      | Reached skill level 1 in Stealth
  7163 | D:9      | Found a sacrificial altar of Ru.
  7200 | D:9      | Noticed Erolcha
  7208 | D:9      | Cast into level 2 of the Abyss (Erolcha)
  7263 | Abyss:2  | Reached **** piety under Okawaru
  7263 | Abyss:2  | Reached skill level 10 in Maces & Flails
  7300 | Abyss:2  | Noticed a wretched star
  7319 | Abyss:2  | Killed a wretched star
  7529 | Abyss:2  | Noticed a cacodemon
  7530 | Abyss:2  | Noticed a sixfirhy
  7533 | Abyss:2  | Slain by a sixfirhy

Skill      XL: |  1  2  3  4  5  6  7  8  9 10 |
---------------+-------------------------------+-----
Shields        | 4 5 6 7 8 9 |  9.8
Maces & Flails | 3 4 5 7 9 10 | 10.5
Fighting       | 4 5 6 |  6.8
Armour         | 4 5 6 |  6.3
Dodging        | 1 |  1.4
Stealth        | 1 |  1.0

Action                   |  1- 3 |  4- 6 |  7- 9 | 10-12 || total
-------------------------+-------+-------+-------+-------++-------
Melee: Flail             |   186 |   370 |   382 |   199 ||  1137
 Abil: Blink             |       |       |     1 |       ||     1
  Use: Scroll            |     6 |    11 |     5 |     1 ||    23
       Potion            |     2 |     7 |     4 |     2 ||    15
 Stab: Invisible         |       |       |       |     1 ||     1
  Eat: Chunk             |     1 |    10 |    10 |     3 ||    24
Armor: Scale mail        |    29 |       |       |       ||    29
       Chain mail        |    82 |    26 |       |       ||   108
       Plate armour      |       |   231 |   299 |   106 ||   636
Dodge: Dodged            |    49 |    63 |    90 |    31 ||   233
Block: Shield            |   116 |   259 |   317 |   101 ||   793
       Reflection        |       |     2 |    11 |     5 ||    18
